[Event "FIDE World Cup O10-B 2024"]
[Site "Batumi"]
[Date "2024.06.29"]
[Round "7.1"]
[White "Yu, Zechen"]
[Black "Ling, Chenxuan"]
[Result "1/2-1/2"]
[ECO "B30"]
[WhiteElo "1889"]
[BlackElo "1868"]
[Annotator "NA RC"]
[PlyCount "130"]
[EventDate "2024.06.23"]
[EventType "swiss"]
[EventCountry "GEO"]
[SourceTitle "playchess.com"]
[Source "ChessBase"]
[SourceQuality "1"]
[TimeControl "5400+30"]

1. e4 c5 2. Nf3 Nc6 3. Bb5 e6 4. Nc3 Nge7 5. d4 cxd4 6. Nxd4 a6 7. Nxc6 dxc6 8. Qxd8+ Kxd8 9. Be2 e5 10. Be3 Be6 11. Bb6+ Ke8 12. O-O-O Ng6 13. g3 Be7 14. Bh5 Kf8 15. Kb1 Ke8 $14 16. Ne2 Bd8 17. Bc5 Bc7 18. b3 Rd8 19. Rxd8+ Kxd8 20. Rf1 f5 21. f4 b6 22. Ba3 exf4 23. Nd4 Bd7 24. exf5 c5 25. fxg6 cxd4 26. gxf4 hxg6 27. Bxg6 Rxh2 28. Bb2 Rh6 29. Bd3 Rd6 30. Rh1 b5 31. Rg1 Rf6 32. Bxd4 Rxf4 33. Bxg7 Rg4 34. Bf6+ Kc8 35. Rd1 Bb6 36. Kb2 Bd4+ 37. Bxd4 Rxd4 38. a4 Kc7 39. axb5 axb5 40. Kc3 Rd6 41. Rg1 Kb6 42. Rg5 Bc6 43. Re5 Rf6 44. Bf5 Rd6 45. Kb4 Rd5 46. Rxd5 Bxd5 47. Bd3 Bc6 48. Bg6 Bd7 49. Be4 Be8 50. Kc3 Kc5 51. b4+ Kb6 52. Kd4 Bf7 53. Ke5 Bc4 54. Kd6 Bf7 55. Bd3 Bh5 56. Bf5 Bf7 57. Kd7 Bh5 58. Be4 Bg4+ 59. Kd6 Be2 60. Bd3 Bf3 61. Ke5 Bg4 62. Kf4 Be6 63. Ke5 Bg4 64. Kd5 Bf3+ 65. Kd6 Bg4 1/2-1/2

[Event "FIDE World Cup O10-B 2024"]
[Site "Batumi"]
[Date "2024.06.29"]
[Round "7.2"]
[White "Zhauynbay, Alimzhan"]
[Black "Karthik, Anand T."]
[Result "1-0"]
[ECO "D02"]
[WhiteElo "1903"]
[BlackElo "2022"]
[Annotator "NA RC"]
[PlyCount "85"]
[EventDate "2024.06.23"]
[EventType "swiss"]
[EventCountry "GEO"]
[SourceTitle "playchess.com"]
[Source "ChessBase"]
[SourceQuality "1"]
[TimeControl "5400+30"]

1. d4 d5 2. Nf3 c5 3. g3 cxd4 4. Nxd4 f6 5. Bg2 e5 6. Nb3 {[%emt 0:00:36] D02: 1 d4 d5 2 Nf3 sidelines, including 2...Nf6 3 g3 and 2...Nf6 3 Bf4.} Be6 7. O-O Nc6 8. e3 Qd7 9. Nc3 O-O-O 10. Qe2 Bh3 11. Bxd5 Bxf1 12. Qxf1 Kb8 13. a3 Bd6 14. e4 Nge7 15. Be3 Nxd5 16. exd5 Ne7 17. Nb5 Nxd5 18. Bxa7+ Ka8 {[%emt 0:00:06] [#]} 19. c4 ({White should play} 19. Rd1 $1 $16 Nc7 20. Nxd6 Kxa7 21. Na5 (21. Nc5 Qxd6 22. Rxd6 Rxd6 $18) 21... Qxd6 22. Rxd6 Rxd6 23. Qe1 (23. Nc4 Rd7 $16)) 19... Nc7 20. Be3 $11 ({But not} 20. Bb6 Qc6 21. c5 Qxb5 $11) (20. a4 $1 $14 {deserves consideration.} Bb4 21. Bc5 (21. Bb6 Ne6 $11) 21... Bxc5 22. Nxc5) 20... Na6 21. Rd1 Qe7 22. Rc1 Nc5 23. Na5 Bc7 24. Nxc7+ Qxc7 25. b4 Nd3 26. Rc3 Nb2 27. Rc1 f5 28. Qe2 Nd3 29. Rc3 e4 30. c5 f4 31. Bxf4 Nxf4 32. gxf4 Qxf4 33. c6 Rd2 34. cxb7+ Ka7 35. Qf1 Qg4+ 36. Rg3 Qd7 37. Qc4 Re8 38. Qc5+ Kb8 39. b5 Qc7 40. Qxc7+ Kxc7 41. Rxg7+ Rd7 42. Rxd7+ Kxd7 43. Nc6 1-0

[Event "FIDE World Cup O10-B 2024"]
[Site "Batumi"]
[Date "2024.06.29"]
[Round "7.3"]
[White "Zabelin, Platon"]
[Black "Modith Aaroh Mutyalapati"]
[Result "1-0"]
[ECO "D13"]
[WhiteElo "1799"]
[BlackElo "1866"]
[Annotator "NA RC"]
[PlyCount "75"]
[EventDate "2024.06.23"]
[EventType "swiss"]
[EventCountry "GEO"]
[SourceTitle "playchess.com"]
[Source "ChessBase"]
[SourceQuality "1"]
[TimeControl "5400+30"]

1. d4 d5 2. c4 c6 3. cxd5 cxd5 4. Nc3 Nc6 5. Nf3 Nf6 6. Bf4 Bg4 7. Ne5 e6 8. Qa4 Qb6 9. Nxc6 bxc6 10. e3 Be7 11. Bd3 O-O 12. Qc2 Bh5 13. O-O Bg6 14. Bxg6 hxg6 15. Na4 Qb5 16. Rfc1 Rac8 17. Rab1 Nd7 18. b4 g5 19. Bg3 Nb6 20. Nc5 Nc4 21. a4 Qb6 22. Nd7 Qb7 23. Nxf8 Rxf8 24. Qc3 f5 25. Be5 f4 26. exf4 gxf4 27. Qh3 Rf5 28. Qg4 Bg5 29. h4 Bh6 30. Rd1 Qf7 31. Rd3 Qb7 32. Qg6 Qe7 33. Re1 Qxb4 34. Qxe6+ Rf7 35. Bc7 Ne3 36. Rc1 Nxg2 37. Kxg2 f3+ 38. Rxf3 1-0

[Event "FIDE World Cup O10-B 2024"]
[Site "Batumi"]
[Date "2024.06.29"]
[Round "7.4"]
[White "Shogdzhiev, Roman"]
[Black "AlJamaat, Khaled"]
[Result "0-1"]
[ECO "A00"]
[WhiteElo "2060"]
[BlackElo "1644"]
[Annotator "NA RC"]
[PlyCount "160"]
[EventDate "2024.06.23"]
[EventType "swiss"]
[EventCountry "GEO"]
[SourceTitle "playchess.com"]
[Source "ChessBase"]
[SourceQuality "1"]
[TimeControl "5400+30"]

1. g4 d5 2. h3 e5 3. d3 c6 4. Bg2 Be6 5. Nf3 f6 6. c3 {[%emt 0:00:38] A00: Irregular Openings.} Nd7 7. Qc2 Qc7 8. Nbd2 Bc5 9. Nf1 Ne7 10. Ng3 g6 11. e3 O-O-O 12. Bd2 Bd6 13. O-O-O f5 14. Kb1 fxg4 15. Ng5 Bg8 16. hxg4 h6 17. Ne2 Nc5 (17... Kb8 $11) 18. Rh4 Ne6 19. Nxe6 Bxe6 20. Rdh1 g5 21. Rxh6 Rxh6 22. Rxh6 Bxg4 23. f3 $1 Bd7 $14 24. Qa4 Kb8 25. Bh3 b5 26. Qd1 Bxh3 27. Rxh3 Qd7 28. Rg3 Rg8 29. e4 g4 30. Qg1 Bc7 31. Rxg4 Rf8 32. Rg3 dxe4 33. fxe4 Bb6 34. Qh1 Rf2 35. Qd1 Qe8 36. Be3 Bxe3 37. Rxe3 Qh5 38. Qe1 Qh2 39. c4 Qg2 40. Kc2 Ng6 41. cxb5 Nf4 42. Kd2 cxb5 43. Qd1 a6 44. Qe1 b4 45. Qd1 a5 46. Qe1 Ne6 47. Qd1 Nd4 48. Qe1 Rxe2+ 49. Rxe2 Nf3+ 50. Kd1 Nxe1 51. Rxg2 Nxg2 52. a3 bxa3 53. bxa3 Kc7 54. Kc2 Kc6 55. Kb3 Nf4 56. Ka4 Kb6 57. Kb3 Nxd3 58. Kc4 Nf4 59. Kb3 Kb5 60. a4+ Kc5 61. Kc3 Ne6 62. Kd3 Kb4 63. Ke3 Kxa4 64. Kf3 Nc5 65. Kg4 Kb3 66. Kf5 a4 67. Kxe5 a3 68. Kd5 Nxe4 69. Kd4 a2 70. Kd5 a1=Q 71. Ke6 Qf6+ 72. Kd5 Kc3 73. Kxe4 Qd6 74. Ke3 Qe5+ 75. Kf3 Kd3 76. Kg4 Qf6 77. Kg3 Ke3 78. Kg4 Qg6+ 79. Kh4 Kf4 80. Kh3 Qg3# 0-1

[Event "FIDE World Cup O10-B 2024"]
[Site "Batumi"]
[Date "2024.06.29"]
[Round "7.5"]
[White "Rahul Ramakrishnan"]
[Black "Akramov, Khasan"]
[Result "1-0"]
[ECO "D93"]
[WhiteElo "1838"]
[BlackElo "1718"]
[Annotator "NA RC"]
[PlyCount "69"]
[EventDate "2024.06.23"]
[EventType "swiss"]
[EventCountry "GEO"]
[SourceTitle "playchess.com"]
[Source "ChessBase"]
[SourceQuality "1"]
[TimeControl "5400+30"]

1. d4 Nf6 2. c4 g6 3. Nc3 d5 4. Bf4 c6 5. e3 Bg7 6. Nf3 O-O 7. Bd3 dxc4 8. Bxc4 Nd5 9. Nxd5 cxd5 10. Be2 Nc6 11. O-O Qb6 12. Qd2 Bf5 13. Rac1 Rfc8 14. Rc5 e5 15. Rb5 exf4 16. Rxb6 axb6 17. exf4 Rxa2 18. Rc1 Re8 19. Bb5 Bd7 20. Bxc6 Bxc6 21. Ne5 Rea8 22. h3 Be8 23. Qb4 f6 24. Qe7 Ra1 25. Rxa1 Rxa1+ 26. Kh2 Ra8 27. Qe6+ Kh8 28. Nf7+ Bxf7 29. Qxf7 Rd8 30. Qxb7 f5 31. Qxb6 Re8 32. b4 Rf8 33. b5 Rg8 34. Qc5 Ra8 35. b6 1-0

[Event "FIDE World Cup O10-B 2024"]
[Site "Batumi"]
[Date "2024.06.29"]
[Round "7.6"]
[White "Shen, Houlin"]
[Black "Lazarev, Egor"]
[Result "1/2-1/2"]
[ECO "A87"]
[WhiteElo "1583"]
[BlackElo "1683"]
[Annotator "NA RC"]
[PlyCount "58"]
[EventDate "2024.06.23"]
[EventType "swiss"]
[EventCountry "GEO"]
[SourceTitle "playchess.com"]
[Source "ChessBase"]
[SourceQuality "1"]
[TimeControl "5400+30"]

1. Nf3 f5 2. d4 Nf6 3. g3 g6 4. Bg2 Bg7 5. O-O O-O 6. c4 d6 7. Nc3 Qe8 8. d5 a5 9. Nd4 Na6 10. e4 fxe4 11. Nxe4 Nxe4 12. Bxe4 Nc5 13. Bg2 Bd7 14. Be3 Qf7 15. Qd2 b6 16. Rae1 Rac8 17. b3 Rfe8 18. Ne6 Nxe6 19. dxe6 Bxe6 20. Bxb6 cxb6 21. Rxe6 Kh8 22. Bd5 Qf8 23. Qe3 Rb8 24. a4 Bf6 25. Qe4 Qg7 26. Kg2 Rf8 27. f4 g5 28. fxg5 Bxg5 29. Qe2 Rxf1 1/2-1/2

[Event "FIDE World Cup O10-B 2024"]
[Site "Batumi"]
[Date "2024.06.29"]
[Round "7.7"]
[White "Azimov, Yasin"]
[Black "Xia, Joshua"]
[Result "1-0"]
[ECO "D79"]
[WhiteElo "1833"]
[BlackElo "2060"]
[Annotator "NA RC"]
[PlyCount "139"]
[EventDate "2024.06.23"]
[EventType "swiss"]
[EventCountry "GEO"]
[SourceTitle "playchess.com"]
[Source "ChessBase"]
[SourceQuality "1"]
[TimeControl "5400+30"]

1. d4 Nf6 2. c4 g6 3. g3 c6 4. Bg2 d5 5. cxd5 cxd5 6. Nf3 Bg7 7. O-O O-O 8. Nc3 Ne4 {[%emt 0:00:33] is now more promising than 8...Nc6.} 9. Qb3 Nc6 10. e3 Na5 {[%emt 0:02:20] D79: Fianchetto Grünfeld: Symmetrical Variation (6 0-0 c6 7 cxd5 cxd5).} 11. Qd1 Nxc3 12. bxc3 b6 13. Re1 $146 ({Predecessor:} 13. Nd2 Ba6 14. Re1 Rc8 15. Bb2 Qd7 16. Rc1 Rc7 17. Bf1 Bxf1 18. Rxf1 Rfc8 19. Rb1 {0-1 Wernitz,A (1986)-Mallee,R (2120) Ruhrgebiet Verbandsklasse Gruppe 2 1415 2014 (7.2)}) 13... Bb7 14. Nd2 Rc8 15. Bb2 Qd7 16. e4 dxe4 17. Nxe4 Nc4 18. Bc1 Rfd8 19. Qe2 h6 20. Nd2 Bxg2 21. Kxg2 Nxd2 22. Bxd2 e5 23. Be3 Rxc3 24. dxe5 Qd5+ 25. Kg1 Qxe5 26. Rab1 Rcc8 (26... Ra3 $17 27. Bf4 Qxe2 28. Rxe2 g5) 27. Qa6 Qb8 (27... Qc7 $15) 28. Bf4 $1 Qa8 29. Re7 Bd4 30. Bxh6 Rc2 31. Re2 $1 Rc5 $11 32. Be3 Qf3 33. Bxd4 Rxd4 34. Rbe1 Qg4 35. Qxa7 Rh5 36. Re4 Rxe4 37. Qa8+ Kg7 38. Qxe4 Qxe4 39. Rxe4 Ra5 40. Re2 Ra3 41. Kf1 Kf6 42. f4 Kf5 43. Kg2 f6 44. h3 g5 45. fxg5 fxg5 46. Rb2 Ra6 47. Kf3 Ra3+ 48. Rb3 Rxa2 49. Rb5+ Kf6 50. Rxb6+ Kf5 51. Rb5+ Kf6 52. Kg4 Ra3 53. Rf5+ Kg6 54. Rxg5+ Kh6 55. Kh4 Ra4+ 56. g4 Ra3 57. Rb5 Kg6 58. Rb6+ Kg7 59. g5 Rc3 60. Kg4 Ra3 61. h4 Rc3 62. Kh5 Ra3 63. Rb7+ Kf8 64. Kh6 Ra8 65. Kh7 Ra4 66. h5 Ra5 67. Rb8+ Ke7 68. Kh6 Kf7 69. g6+ Kf6 70. Rf8+ 1-0

[Event "FIDE World Cup O10-B 2024"]
[Site "Batumi"]
[Date "2024.06.29"]
[Round "7.9"]
[White "Makhsatuly, Rakhim"]
[Black "Kazimzade, Mahammad"]
[Result "1/2-1/2"]
[ECO "C54"]
[WhiteElo "1630"]
[BlackElo "1594"]
[Annotator "NA RC"]
[PlyCount "84"]
[EventDate "2024.06.23"]
[EventType "swiss"]
[EventCountry "GEO"]
[SourceTitle "playchess.com"]
[Source "ChessBase"]
[SourceQuality "1"]
[TimeControl "5400+30"]

1. e4 e5 2. Nf3 Nc6 3. Bc4 Nf6 4. d3 Bc5 5. O-O d6 6. c3 Bg4 7. h3 Bh5 8. Nbd2 O-O 9. Re1 a6 10. a4 Ba7 11. Nf1 h6 12. Ng3 Bg6 13. Nh4 Bh7 14. Nhf5 Ne7 15. Qf3 Ng6 16. h4 b5 17. Bb3 bxa4 18. Rxa4 Nd7 19. Bd5 Nb6 20. Bxa8 Nxa4 21. Bc6 Nb6 22. Qg4 Nc8 23. Nh5 Nce7 24. Ba4 Nxf5 25. exf5 Qxh4 26. Qxh4 Nxh4 27. f6 g5 28. Be3 c5 29. Bc2 Rb8 30. b4 Nf5 31. bxc5 Bg6 32. Ng3 Nxe3 33. fxe3 Bxc5 34. Re2 Rb2 35. Kf2 d5 36. d4 exd4 37. cxd4 Bxd4 38. Bxg6 fxg6 39. exd4 Rb6 40. Re5 Rxf6+ 41. Ke3 Rd6 42. Ne2 Kf7 1/2-1/2

[Event "FIDE World Cup O10-B 2024"]
[Site "Batumi"]
[Date "2024.06.29"]
[Round "7.10"]
[White "Bergmann, Rafael Antonio"]
[Black "Jibladze, Nikoloz"]
[Result "1-0"]
[ECO "B54"]
[WhiteElo "1743"]
[BlackElo "1612"]
[Annotator "NA RC"]
[PlyCount "111"]
[EventDate "2024.06.23"]
[EventType "swiss"]
[EventCountry "GEO"]
[SourceTitle "playchess.com"]
[Source "ChessBase"]
[SourceQuality "1"]
[TimeControl "5400+30"]

1. e4 c5 2. Nf3 e6 3. d4 cxd4 4. Nxd4 a6 5. c4 Nf6 6. Nc3 d6 7. a3 Nc6 8. Be3 Be7 9. Be2 O-O 10. O-O Bd7 11. f3 Rc8 12. Rc1 Ne5 13. b3 Qa5 14. Nb1 d5 15. b4 Qd8 16. exd5 exd5 17. c5 a5 18. Qb3 Nc6 19. Nc3 axb4 20. axb4 Nxd4 21. Bxd4 Be6 22. Rcd1 Re8 23. Bb5 Bd7 24. Bxd7 Qxd7 25. Bxf6 Bxf6 26. Nxd5 Qe6 27. Nxf6+ Qxf6 28. Rd7 Re2 29. Qd3 Rce8 30. Rd1 g6 31. Rd8 Kg7 32. Qd4 Rxd8 33. Qxf6+ Kxf6 34. Rxd8 Rb2 35. Rb8 Rxb4 36. c6 Rc4 37. cxb7 Rb4 38. Kf2 Rb3 39. g4 Kg5 40. Kg3 Rb4 41. h4+ Kh6 42. g5+ Kg7 43. f4 Rb3+ 44. Kg4 Rb4 45. h5 gxh5+ 46. Kxh5 Rb1 47. f5 h6 48. f6+ Kh7 49. gxh6 Rb4 50. Kg5 Rb1 51. Kf5 Rf1+ 52. Ke5 Re1+ 53. Kd6 Rd1+ 54. Ke7 Re1+ 55. Kxf7 Rd1 56. Rh8+ 1-0

[Event "FIDE World Cup O10-B 2024"]
[Site "Batumi"]
[Date "2024.06.29"]
[Round "7.11"]
[White "Kiringoda, Thehas Rithmitha"]
[Black "Kvaratskhelia, Giorgi"]
[Result "1-0"]
[ECO "D02"]
[WhiteElo "1641"]
[BlackElo "1548"]
[Annotator "NA RC"]
[PlyCount "49"]
[EventDate "2024.06.23"]
[EventType "swiss"]
[EventCountry "GEO"]
[SourceTitle "playchess.com"]
[Source "ChessBase"]
[SourceQuality "1"]
[TimeControl "5400+30"]

1. d4 Nf6 2. Bf4 d5 3. e3 e6 4. Nf3 c5 5. c3 Nc6 6. Nbd2 Bd6 7. Bg3 Bxg3 8. hxg3 Qc7 9. Bd3 Ne7 10. Ne5 Nc6 11. f4 Bd7 12. Ndf3 h6 13. Ng5 Nxe5 14. fxe5 Ne4 15. Bxe4 dxe4 16. Nxe4 O-O 17. Qg4 Kh7 18. O-O-O f5 19. exf6 Bc6 20. Ng5+ Kh8 21. Nxe6 Qd7 22. fxg7+ Kh7 23. gxf8=N+ Rxf8 24. Rxh6+ Kxh6 25. Rh1# 1-0

[Event "FIDE World Cup O10-B 2024"]
[Site "Batumi"]
[Date "2024.06.29"]
[Round "7.12"]
[White "Akramov, Khusan"]
[Black "Popov, Aleksandr And"]
[Result "1-0"]
[ECO "A22"]
[WhiteElo "1477"]
[BlackElo "1661"]
[Annotator "NA RC"]
[PlyCount "77"]
[EventDate "2024.06.23"]
[EventType "swiss"]
[EventCountry "GEO"]
[SourceTitle "playchess.com"]
[Source "ChessBase"]
[SourceQuality "1"]
[TimeControl "5400+30"]

1. c4 e5 2. g3 Nf6 3. Bg2 d5 4. cxd5 Nxd5 5. Nc3 Nb6 6. e3 Nc6 7. Nge2 Be7 8. O-O O-O 9. f4 exf4 10. Nxf4 Bd6 11. d4 Re8 12. Qh5 Qe7 13. Ncd5 Nxd5 14. Nxd5 Qf8 15. Qg5 Kh8 16. Qh5 Kg8 17. Nc3 Bd7 18. Bd5 Nd8 19. Ne4 Bc6 20. Ng5 h6 21. Nxf7 Bxd5 22. Nxh6+ gxh6 23. Rxf8+ Rxf8 24. Qg6+ Kh8 25. Qxh6+ Kg8 26. Qg5+ Kh8 27. Qxd5 Nc6 28. Qh5+ Kg8 29. Qg6+ Kh8 30. Bd2 Ne7 31. Qh6+ Kg8 32. d5 Rf7 33. Bc3 Rh7 34. Qe6+ Rf7 35. Rf1 Raf8 36. Rf6 Nf5 37. Rxf5 Be7 38. Qg6+ Rg7 39. Qxg7# 1-0